 Dungeon Crawl Stone Soup version 0.17.0-28-g6e173f8 (console) character file.

26 Kloppie the Ruffian (level 2, 0/24 HPs)
             Began as a Draconian Transmuter on Nov 22, 2015.
             Slain by Crazy Yiuf
             ... wielding a +4 quarterstaff of chaos
              (10 damage)
             ... on level 2 of the Dungeon.
             The game lasted 00:01:37 (1111 turns).

Kloppie the Ruffian (Draconian Transmuter)          Turns: 1111, Time: 00:01:37

Health: 0/24       AC:  4    Str: 12    XL:     2   Next: 89%
Magic:  4/5        EV: 12    Int: 13    God:
Gold:   96         SH:  0    Dex: 11    Spells: 1 memorised, 4 levels left

rFire  . . .     SeeInvis .       - Unarmed
rCold  . . .     Clarity  +     (armour unavailable)
rNeg   . . .     SustAt   .     (no shield)
rPois  .         Gourm    .     (helmet restricted)
rElec  .         Spirit   .     (no cloak)
rCorr  .         Warding  .     (no gloves)
rMut   .         Stasis   .     (boots currently unavailable)
MR     .....                    q - amulet of clarity
Stlth  ++........               (no ring)
                                n - ring of stealth (curse)

@: appendage (expiring), not resistant to hostile enchantments, unstealthy
A: unfitting armour, talons 3, cold-blooded, AC +4
a: End Transformation


You were on level 2 of the Dungeon.
You were not hungry.
You had grown temporary talons.
You visited 1 branch of the dungeon, and saw 2 of its levels.

You collected 96 gold pieces.

Inventory:

Missiles
 a - 12 arrows
 d - 15 arrows of flame
Jewellery
 m - an uncursed amulet of faith
 n - a cursed ring of stealth (left hand)
 q - an amulet of clarity (around neck)
Scrolls
 i - 2 scrolls of identify {unknown}
 o - a scroll of enchant armour {unknown}
 p - a scroll of remove curse {unknown}
Potions
 e - a potion of degeneration {unknown}
 g - a potion of curing {unknown}
 j - a potion of haste {unknown}
Books
 b - a book of Changes

   Spells                             Type                      Level
   a - Beastly Appendage              Transmutation                1
   b - Sticks to Snakes               Transmutation                2
   c - Spider Form                    Transmutation/Poison         3
   d - Ice Form                       Ice/Transmutation            4
   e - Blade Hands                    Transmutation                5
Comestibles
 c - 3 bread rations
 f - 2 royal jellies
 h - a slice of pizza
 k - a meat ration


   Skills:
 + Level 2.1 Fighting
 - Level 1.7 Dodging
 + Level 3.7 Unarmed Combat
 - Level 2.0 Spellcasting
 - Level 2.0 Transmutations


You had 4 spell levels left.
You knew the following spells:

 Your Spells              Type           Power        Failure   Level  Hunger
a - Beastly Appendage     Trmt           #.....       12%         1    ##.....


Dungeon Overview and Level Annotations

Branches:
Dungeon (2/15)

Altars:

Annotations:
D:2 Crazy Yiuf


Innate Abilities, Weirdness & Mutations

Your plain brown scales are hard (AC +4).
Your body does not fit into most forms of armour.
You are cold-blooded and may be slowed by cold attacks.
You have claws for feet.


Message History

Crazy Yiuf shouts!
Crazy Yiuf says, "Lay snail ena!"
Casting: Beastly Appendage
Confirm with . or Enter, or press ? or * to list all spells.
Your feet morph into talons.
Crazy Yiuf laughs, "Mama dark pontify!"
You barely miss Crazy Yiuf. You claw Crazy Yiuf, but do no damage.
Crazy Yiuf hits you with a quarterstaff of chaos!
Ouch! That really hurt!
* * * LOW HITPOINT WARNING * * *
You hit Crazy Yiuf but do no damage.
Crazy Yiuf says, "Snoogle!"
Crazy Yiuf hits you but does no damage.
You hit Crazy Yiuf. Your kick misses Crazy Yiuf. You tail-slap Crazy Yiuf.
Crazy Yiuf is heavily wounded.
You hit Crazy Yiuf but do no damage.
Your tail-slap misses Crazy Yiuf.
Crazy Yiuf is heavily wounded.
Your transformation is almost over.
Crazy Yiuf hits you with a quarterstaff of chaos!
You die...

###.## #g#
#.# ♣♣.♣ #.#
♣.♣♣ #.# ♣♣.♣
#.# ♣.♣♣ #.#
♣♣.♣♣ #.#
♣...♣♣ #.#
♣♣g..♣ #.#
##@.##
#.####....###
#...........#
###[..#..##.#
#####.## ..#
#.. ... ####
..


You could see Crazy Yiuf.

Vanquished Creatures
  2 giant geckos (D:1)
  7 bats
  2 giant cockroaches
  A goblin (D:2)
  4 hobgoblins (D:1)
  A giant newt (D:2)
  5 kobolds (D:1)
  A rat (D:1)
23 creatures vanquished.

Notes
Turn   | Place    | Note
--------------------------------------------------------------
     0 | D:1      | Kloppie the Draconian Transmuter began the quest for the Orb.
     0 | D:1      | Reached XP level 1. HP: 16/16 MP: 3/3
    92 | D:1      | Reached XP level 2. HP: 21/24 MP: 3/5
  1097 | D:2      | Noticed Crazy Yiuf
  1111 | D:2      | Slain by Crazy Yiuf

Action                   || total
-------------------------++-------
Melee: Unarmed           ||    75
 Cast: Beastly Appendage ||     3
 Stab: Sleeping          ||     2
       Distracted        ||     1
  Eat: Chunk             ||     1
